 Dungeon Crawl Stone Soup version 0.28-a0-1130-gc51a68064b (webtiles) character file.

Game seed: 15699307554002756255

238 Zdeegee the Skirmisher (level 5, -1/42 HPs)
             Began as a Mummy Cinder Acolyte on Dec 12, 2021.
             Was a Priest of Ignis.
             Slain by an orc warrior (4 damage)
             ... on level 3 of the Dungeon.
             The game lasted 00:10:14 (3790 turns).

Zdeegee the Skirmisher (Mummy Cinder Acolyte)       Turns: 3790, Time: 00:10:14

Health: -1/42      AC:  9    Str: 18    XL:     5   Next: 78%
Magic:  6/10       EV: 11    Int: 21    God:    Ignis [***...]
Gold:   111        SH:  0    Dex:  7    Spells: 8/10 levels left

rFire   . . .      SeeInvis .   a - -1 mace (flame)
rCold   + . .      Faith    .   (no shield)
rNeg    + + +      Spirit   .   b - +0 robe
rPois   ∞          Reflect  .   (no helmet)
rElec   .          Harm     .   (no cloak)
rCorr   .          Rampage  .   (no gloves)
Will    .....                   (no boots)
Stlth   +.........              h - amulet of regeneration
HPRegen 0.94/turn               f - +6 ring of intelligence
MPRegen 0.12/turn               (no ring)

@: fiery-armoured
A: cold resistance 1, negative energy resistance 3, torment resistance 2, heat
vulnerability 1, no potions
a: Renounce Religion, Fiery Armour, Foxfire Swarm, Rising Flame


You were on level 3 of the Dungeon.
You worshipped Ignis.
Ignis was most pleased with you.
You visited 1 branch of the dungeon, and saw 3 of its levels.

You collected 111 gold pieces.

Inventory:

Hand Weapons
 a - a -1 mace of flaming (weapon)
Missiles
 c - 21 sling bullets
Armour
 b - a +0 robe (worn)
 g - a +2 buckler
Jewellery
 f - a +6 ring of intelligence (left hand)
 h - an amulet of regeneration (around neck)
Scrolls
 d - 2 scrolls of teleportation
 e - 2 scrolls of identify


   Skills:
 * Level 4.0 Fighting
 + Level 2.7 Maces & Flails
 * Level 1.0 Dodging
 + Level 0.7 Stealth
 * Level 1.1 Shields
 * Level 3.4 Spellcasting
 * Level 3.4 Fire Magic


You had 8 spell levels left.
You knew the following spells:

 Your Spells              Type           Power      Damage    Failure   Level
a - Scorch                Fire           36%        2d7       4%          2

Your spell library contained the following spells:

 Spells                   Type           Power      Damage    Failure   Level


Dungeon Overview and Level Annotations

Branches:
Dungeon (3/15)

Altars:


Innate Abilities, Weirdness & Mutations

You are immune to poison.
Your flesh is cold resistant. (rC+)
You are immune to negative energy. (rN+++)
You are immune to unholy pain and torment.
You are vulnerable to heat. (rF-)
You do not drink.


Message History

Things that are here:
a +0 dagger; 12 gold pieces You hit the orc.
You burn the orc.
You kill the orc!
You don't have enough magic to cast this spell.
No target in view!
An orc warrior is nearby!
An orc warrior is nearby!
There is a stone staircase leading up here.
You climb upwards.
There is a stone staircase leading down here.
You start resting.
Magic restored.
You start waiting.
Done waiting.
You climb downwards.
There is a stone staircase leading up here.
Things that are here:
12 gold pieces; a +0 chain mail; a +0 short sword A protective cloak of flame settles atop you.
The orc warrior shouts!
The orc priest shouts!
You hear a shout!
The orc warrior closely misses you.
The orc warrior hits you with a +0 halberd of distortion!
Space warps around you.
Things that are here:
12 gold pieces; a +0 dagger Flames lash the orc warrior.
The orc warrior is moderately wounded.
The orc warrior's fire resistance burns away.
You hear a shout!
The orc warrior hits you with a +0 halberd of distortion.
Space warps around you.
You are too injured to fight recklessly!
The orc warrior barely misses you.
Flames lash the orc warrior.
The orc warrior is burned terribly!
The orc warrior is heavily wounded.
The orc warrior hits you from afar with a +0 halberd of distortion!!
* * * LOW HITPOINT WARNING * * *
Space warps around you.
You die...

###.##........#
#.#####.( #...........#
#.#.....#
##..........### #...#
###.#..........####.###
#...####..##....(...#
##.###
##.######...######## ##
#..# #.##
###[#........###..
##.## #..#
#$oo.o.#####...... #..#
##.# #@#.##.# ##...#.#
#.##
#.###.#.##.####......#
#.#
#...<.#[##..##.......#
#.######
##..###.###>..........
.[.).<†## ##..# #.#
####.......# ...)!...##
#...# #.# ##o.....#
.......))###.#.....#
#.......#
..[..........##..###
#.......#
.......#####.....#
#.......#


You could see an orc warrior (combustible), an orc priest and an orc
(wandering).

Vanquished Creatures
  A phantom (D:2)
  An orc priest (D:3)
  An iguana (D:3)
  4 adders
  A shadow imp (D:3)
  A worm (D:1)
  A dart slug (D:2)
  9 orcs (D:3)
  9 endoplasms
  5 giant cockroaches
  2 goblins (D:1)
  2 hobgoblins
  9 ball pythons
  6 bats
  A frilled lizard (D:3)
  2 kobolds (D:1)
  A rat (D:3)
56 creatures vanquished.

Vanquished Creatures (others)
  10 plants (D:2)
10 creatures vanquished.

Grand Total: 66 creatures vanquished

Notes
Turn   | Place    | Note
-------+----------+-------------------------------------------
     0 | D:1      | Zdeegee the Mummy Cinder Acolyte began the quest for the
                  | Orb.
     0 | D:1      | Reached XP level 1. HP: 18/18 MP: 2/2
   285 | D:1      | Reached XP level 2. HP: 23/24 MP: 4/4
  1512 | D:2      | Noticed a black bear
  1582 | D:1      | Learned a level 2 spell: Scorch
  1718 | D:2      | Found a faded altar of an unknown god.
  1883 | D:2      | Reached XP level 3. HP: 29/29 MP: 2/5
  2937 | D:3      | Noticed an orc warrior
  3283 | D:3      | Noticed a phantom
  3300 | D:2      | Killed a phantom
  3301 | D:2      | Reached XP level 4. HP: 21/37 MP: 1/8
  3327 | D:3      | Reached XP level 5. HP: 39/42 MP: 4/9
  3328 | D:3      | Reached skill level 1 in Dodging
  3432 | D:3      | Reached skill level 4 in Fighting
  3466 | D:3      | Reached skill level 1 in Shields
  3790 | D:3      | Slain by an orc warrior

Illustrated notes

Levels and vault maps discovered:
D:1:      dpeg_arrival_brainrot, layout_basic
D:2:      layout_loops_corners, serial_forest, infiniplex_forest_lined_corner,
          infiniplex_forest_straight_2, infiniplex_forest_side_room,
          infiniplex_forest_clump_diagonal, infiniplex_forest_clump_medium,
          infiniplex_forest_lined_room_, infiniplex_forest_lined_corner,
          infiniplex_forest_clump_long, infiniplex_forest_zigzag_1,
          ebering_ecumenical_altar_box
D:3:      layout_rooms, serial_shops, nicolae_shop_statue_plus,
          ebering_dispersal_statue_hall, minmay_divided_ellipse

Skill      XL: |  1  2  3  4  5 |
---------------+----------------+-----
Spellcasting   | 2 3 |  3.4
Fire Magic     | 3 |  3.4
Dodging        | 1 |  1.0
Fighting       | 4 |  4.0
Shields        | 1 |  1.1
Maces & Flails | |  2.7
Stealth        | |  0.7

Action                   |  1- 3 |  4- 6 || total
-------------------------+-------+-------++-------
Melee: Mace              |    71 |    18 ||    89
 Cast: Scorch            |    22 |    17 ||    39
Invok: Fiery Armour      |     4 |     1 ||     5
       Foxfire Swarm     |     1 |       ||     1
  Use: Scroll            |     1 |       ||     1
Armor: Robe              |    18 |    11 ||    29
Dodge: Dodged            |    60 |    13 ||    73

Table legend: (Time is in decaauts)
 A = Elapsed time spent in this place.
 B = Non-inter-level travel time spent in this place.
 C = Inter-level travel time spent in this place.
 D = Time resting spent in this place.
 E = Time spent auto-exploring this place.
 F = Levels seen in this place.
 G = Mean time per level.
                   A        B        C        D        E       F      G
               +--------+--------+--------+--------+--------+-----+--------+
         Total |   3821 |   3754 |     67 |    780 |   2347 |   3 | 1273.7 |
       Dungeon |   3821 |   3754 |     67 |    780 |   2347 |   3 | 1273.7 |
               +--------+--------+--------+--------+--------+-----+--------+

Top non-repeatable levels by time:
     D:2: 1696 daAuts
     D:1: 1689 daAuts
     D:3: 434 daAuts
